2513 views
Uploaded 2020-02-09 16:23:35
Game version 1.32 / 1.32.1
15:01 long 1on1 ladder game on (2)Amazonia
Saved by Grim
2513 views
Uploaded 2020-02-09 16:23:35
Game version 1.32 / 1.32.1
15:01 long 1on1 ladder game on (2)Amazonia

21 units @ 2.8k
/ 0.2k
10 buildings @ 1.6k
/ 0.5k



| Healing Salve | 10 | 1000 |
| Lesser Clarity Potion | 11 | 770 |
| Orb of Lightning | 1 | 375 |
| Potion of Healing | 3 | 450 |
| Potion of Mana | 1 | 200 |
| Scroll of Speed | 1 | 50 |
| Scroll of Town Portal | 1 | 350 |
| Boots of Speed | 1 | 250 |
| Circlet of Nobility | 1 | 175 |
| Potion of Lesser Invulnerability | 1 | 150 |
| total: | 31 | 3770g |
| Peon | 8 | 600 | / | 0 |
| Grunt | 4 | 800 | / | 0 |
| Raider | 2 | 360 | / | 80 |
| Troll Headhunter | 1 | 140 | / | 20 |
| Troll Berserker | 5 | 700 | / | 100 |
| Forest Troll Berserker | 1 | 245 | / | 30 |
| total: | 21 | 2845g | / | 230w |
| Altar of Storms | 1 | 180 | / | 50 |
| Orc Burrow | 5 | 800 | / | 200 |
| Barracks | 1 | 180 | / | 50 |
| Voodoo Lounge | 1 | 130 | / | 30 |
| War Mill | 1 | 205 | / | 0 |
| Beastiary | 1 | 145 | / | 140 |
| Stronghold | 1 | 315 | / | 190 |
| Fortress | 1 | 325 | / | 190 |
| total: | 10 | 1640g | / | 470w |
| 0:03 | Peon |
| 0:03 | Peon |
| 0:06 | Altar of Storms |
| 0:18 | Orc Burrow |
| 0:22 | Peon |
| 0:35 | Barracks |
| 0:44 | Peon |
| 0:58 | Peon |
| 0:59 | Peon |
| 1:15 | Peon |
| 1:26 | Voodoo Lounge |
| 1:35 | Grunt |
| 1:35 | Grunt |
| 1:41 | Peon |
| 1:55 | Orc Burrow |
| 2:07 | Wind Walk |
| 2:48 | Stronghold |
| 2:49 | Grunt |
| 3:01 | Critical Strike |
| 3:13 | Healing Salve |
| 3:13 | Lesser Clarity Potion |
| 3:13 | Healing Salve |
| 3:17 | Lesser Clarity Potion |
| 4:09 | Orc Burrow |
| 4:11 | Grunt |
| 4:36 | Wind Walk |
| 4:55 | Boots of Speed |
| 4:56 | Circlet of Nobility |
| 5:14 | Berserker Strength |
| 5:51 | Fortress |
| 5:59 | Beastiary |
| 6:07 | Healing Salve |
| 6:12 | Lesser Clarity Potion |
| 6:19 | Hex |
| 6:20 | Healing Salve |
| 6:33 | Lesser Clarity Potion |
| 7:16 | Ensnare |
| 7:16 | Raider |
| 7:18 | Orc Burrow |
| 8:11 | Healing Wave |
| 8:24 | Healing Salve |
| 8:50 | Healing Salve |
| 8:54 | Lesser Clarity Potion |
| 8:56 | Orb of Lightning |
| 9:00 | War Mill |
| 9:19 | Lesser Clarity Potion |
| 9:33 | Raider |
| 10:26 | Critical Strike |
| 10:36 | War Stomp |
| 10:41 | Troll Headhunter |
| 10:41 | Berserker Upgrade |
| 10:45 | Potion of Healing |
| 10:47 | Potion of Mana |
| 10:48 | Lesser Clarity Potion |
| 10:50 | Healing Salve |
| 10:57 | Lesser Clarity Potion |
| 11:03 | Potion of Healing |
| 11:22 | Potion of Healing |
| 11:42 | Lesser Clarity Potion |
| 11:53 | Lesser Clarity Potion |
| 11:54 | Scroll of Speed |
| 11:58 | Troll Berserker |
| 11:59 | Troll Regeneration |
| 12:09 | Healing Salve |
| 12:19 | Troll Berserker |
| 12:26 | Healing Salve |
| 12:26 | Healing Salve |
| 12:32 | Lesser Clarity Potion |
| 13:01 | Troll Berserker |
| 13:25 | Troll Berserker |
| 13:34 | Healing Wave |
| 13:40 | Forest Troll Berserker |
| 13:46 | Endurance Aura |
| 13:48 | Troll Berserker |
| 13:49 | Orc Burrow |
| 14:08 | Potion of Lesser Invulnerability |
| 14:16 | Scroll of Town Portal |
| Right click | 1358 |
| Select group | 1137 |
| Select | 404 |
| Build/train/purchase | 149 |
| Assign group | 106 |
| Misc. action | 105 |
| Use ability | 67 |
| Item give/drop | 8 |
| Chat | 4 |
| Esc | 2 |
| Remove unit | 1 |
23 units @ 3.9k
/ 0.6k
10 buildings @ 1.6k
/ 0.5k


| Rod of Necromancy | 3 | 450 |
| Sacrificial Skull | 1 | 50 |
| Potion of Healing | 3 | 450 |
| Orb of Corruption | 1 | 375 |
| Dust of Appearance | 3 | 225 |
| Scroll of Town Portal | 1 | 350 |
| total: | 12 | 1900g |
| Acolyte | 4 | 300 | / | 0 |
| Ghoul | 5 | 600 | / | 0 |
| Crypt Fiend | 12 | 2580 | / | 480 |
| Obsidian Statue | 2 | 400 | / | 70 |
| total: | 23 | 3880g | / | 550w |
| Altar of Darkness | 1 | 180 | / | 50 |
| Crypt | 1 | 200 | / | 50 |
| Ziggurat | 5 | 750 | / | 250 |
| Graveyard | 1 | 215 | / | 0 |
| Tomb of Relics | 1 | 130 | / | 30 |
| Slaughterhouse | 1 | 140 | / | 135 |
| Halls of the Dead | 1 | 320 | / | 210 |
| Black Citadel | 1 | 325 | / | 230 |
| total: | 10 | 1615g | / | 515w |
| 0:03 | Acolyte |
| 0:08 | Altar of Darkness |
| 0:10 | Crypt |
| 0:15 | Acolyte |
| 0:34 | Ziggurat |
| 0:56 | Graveyard |
| 1:12 | Ghoul |
| 1:19 | Ghoul |
| 1:20 | Ghoul |
| 1:34 | Tomb of Relics |
| 1:50 | Ziggurat |
| 2:22 | Crypt Fiend |
| 2:25 | Death Coil |
| 2:36 | Rod of Necromancy |
| 2:38 | Dust of Appearance |
| 3:01 | Crypt Fiend |
| 3:44 | Halls of the Dead |
| 3:51 | Unholy Aura |
| 3:54 | Crypt Fiend |
| 4:07 | Crypt Fiend |
| 4:29 | Crypt Fiend |
| 4:31 | Ziggurat |
| 4:39 | Rod of Necromancy |
| 4:39 | Sacrificial Skull |
| 4:56 | Ziggurat |
| 5:35 | Death Coil |
| 5:36 | Crypt Fiend |
| 6:02 | Crypt Fiend |
| 6:22 | Slaughterhouse |
| 6:34 | Burrow |
| 7:02 | Frost Armor |
| 7:03 | Rod of Necromancy |
| 7:18 | Dust of Appearance |
| 7:24 | Crypt Fiend |
| 7:27 | Obsidian Statue |
| 7:48 | Acolyte |
| 8:50 | Acolyte |
| 9:15 | Potion of Healing |
| 9:17 | Crypt Fiend |
| 9:26 | Dust of Appearance |
| 9:42 | Obsidian Statue |
| 10:38 | Crypt Fiend |
| 10:54 | Frost Nova |
| 11:01 | Crypt Fiend |
| 11:03 | Black Citadel |
| 11:47 | Scroll of Town Portal |
| 11:53 | Ghoul |
| 12:05 | Ghoul |
| 12:33 | Crypt Fiend |
| 12:38 | Creature Attack |
| 13:05 | Potion of Healing |
| 13:47 | Ghoul Frenzy |
| 13:49 | Unholy Aura |
| 14:16 | Ziggurat |
| 14:46 | Orb of Corruption |
| 14:49 | Potion of Healing |
| Right click | 1129 |
| Select group | 510 |
| Assign group | 425 |
| Select | 341 |
| Build/train/purchase | 101 |
| Use ability | 38 |
| Chat | 10 |
| Item give/drop | 6 |
| Misc. action | 1 |
| Remove unit | 1 |
โ